 Dungeon Crawl Stone Soup version 0.31-a0-214-gb37851dbb3 (webtiles) character file.

Game seed: 6306067696489457253

102 qw the Shooter (level 4, -4/26 HPs)
             Began as a Gargoyle Hexslinger on July 1, 2023.
             Slain by a hobgoblin
             ... wielding a +0 trident
              (6 damage)
             ... on level 3 of the Dungeon.
             The game lasted 00:00:38 (1572 turns).

qw the Shooter (Gargoyle Hexslinger)                Turns: 1572, Time: 00:00:38

Health: -4/26      AC: 10    Str: 12    XL:     4   Next: 78%
Magic:  5/5        EV: 10    Int: 13    God:
Gold:   77         SH:  0    Dex: 14    Spells: 4/5 levels left

rFire   . . .        Y - +1 sling
rCold   . . .        (no shield)
rNeg    + . .        e - +0 ring mail
rPois   inf          b - +0 helmet
rElec   +            c - +0 cloak
rCorr   .            (no gloves)
SInv    .            (no boots)
Will    .....        (no amulet)
Stlth   +            (no ring)
HPRegen 0.24/turn    (no ring)
MPRegen 0.09/turn

%: no passive effects
@: no status effects
A: sickness immunity, AC +3, negative energy resistance 1, electricity
resistance, torment resistance 1, petrification resistance
a: no special abilities


You were on level 3 of the Dungeon.
You visited 1 branch of the dungeon, and saw 3 of its levels.

You collected 77 gold pieces.


Innate Abilities, Weirdness & Mutations

You are immune to sickness and miasma.
Your stone body is resilient. (AC +3)
You are immune to poison.
You resist negative energy. (rN+)
You are resistant to electric shocks. (rElec)
You are resistant to unholy torment.
You are immune to petrification.


   Skills:
 - Level 2.0 Fighting
 + Level 4.3 Ranged Weapons
 - Level 1.2 Armour
 - Level 1.5 Dodging
 - Level 1.0 Spellcasting
 - Level 2.6 Hexes


You had 4 spell levels left.
You knew the following spells:

 Your Spells              Type           Power      Damage    Failure   Level
a - Slow                  Hex            28%        N/A       22%         1

Your spell library contained the following spells:

 Spells                   Type           Power      Damage    Failure   Level
 Inner Flame              Hex/Fire       4%         N/A       73%         3
 Portal Projectile        Hex/Tloc       8%         N/A       73%         3
 Cause Fear               Hex            3%         N/A       91%         4

Inventory:

Hand Weapons
 Y - a +1 sling (weapon)
Armour
 b - a +0 helmet (worn)
 c - a +0 cloak (worn)
 e - a +0 ring mail (worn)
Jewellery
 f - a +6 ring of dexterity
Scrolls
 h - 2 scrolls of immolation {unknown}
Potions
 a - a potion of attraction {unknown}
 d - a potion of mutation {unknown}
 g - a potion of heal wounds {unknown}

Dungeon Overview and Level Annotations

Branches:
Dungeon (3/15)

Altars:
Ru

Annotations:
D:1 1 runed translucent door


Message History

The endoplasm freezes you.
You are frozen.
The hobgoblin hits you from afar with a +0 trident.
You shoot a sling bullet. The sling bullet hits the endoplasm.
The endoplasm is severely wounded.
The bat misses you. The hobgoblin closely misses you.
The endoplasm closely misses you. The kobold barely misses you.
You shoot a sling bullet. The sling bullet hits the endoplasm!
You kill the endoplasm!
The bat hits you but does no damage.
The kobold hits you with a +1 short sword of protection.
The hobgoblin barely misses you.
You shoot a sling bullet. The sling bullet hits the endoplasm.
You kill the endoplasm!
The bat hits you but does no damage.
The kobold hits you with a +1 short sword of protection.
The hobgoblin closely misses you. The bat hits you but does no damage.
The hobgoblin barely misses you. The kobold hits you but does no damage.
You shoot a sling bullet. The sling bullet hits the kobold.
The kobold is moderately wounded.
The bat hits you but does no damage. x2; The bat barely misses you.
The kobold hits you but does no damage. The hobgoblin misses you.
You shoot a sling bullet. The sling bullet hits the kobold.
You kill the kobold!
The bat closely misses you. The bat barely misses you.
The hobgoblin barely misses you.
You shoot a sling bullet. The sling bullet hits the worm.
The worm is lightly wounded.
The bat barely misses you. The hobgoblin barely misses you.
The hobgoblin hits you from afar with a +0 trident.
You shoot a sling bullet. The sling bullet hits the worm.
The worm is lightly wounded.
The bat hits you but does no damage. The worm closely misses you.
The bat hits you but does no damage.
The hobgoblin hits you but does no damage.
You shoot a sling bullet. The sling bullet hits the worm.
The worm is lightly wounded.
The bat hits you but does no damage.
The hobgoblin hits you from afar with a +0 trident.
You die...

.'#######'...#..#.#
####..# #. #..
#...........# #..#
#. #. #.#.........#
#..# ##
#.#.#.......# #..#
# ######......#####
#..#####
##...##.....##...#
#.......
##.....##...##.....
##......
#.......#...#......
#...####
#......)'..@'b...$.
###.# #
#.[.....#.)w#......
#<# # ##.....##..g#
..... #># #
##...###...# ...#
#.# # ##### #...#
### #.# # #...# ...
#...# #.# #...# #).
###


You could see a worm, a hobgoblin and a bat.

Vanquished Creatures
  An orc wizard (D:3)
  3 adders
  2 worms (D:2)
  4 endoplasms
  7 goblins
  4 hobgoblins
  7 kobolds
  A quokka (D:1)
  5 ball pythons
  5 bats
  3 frilled lizards
  A rat (D:1)
43 creatures vanquished.

Notes
Turn   | Place    | Note
-------+----------+-------------------------------------------
     0 | D:1      | qw the Gargoyle Hexslinger began the quest for the Orb.
     0 | D:1      | Reached XP level 1. HP: 12/12 MP: 2/2
     0 | D:1      | 0 ||| qw: Version: 0.3-a-32-g5962c71
     0 | D:1      | 0 ||| qw: Game counter: 7536
     0 | D:1      | 0 ||| qw: Melee chars always use a shield: true
     0 | D:1      | 0 ||| qw: God list: Okawaru
     0 | D:1      | 0 ||| qw: Allow faded altars: false
     0 | D:1      | 0 ||| qw: Do Orc after clearing Dungeon:15 true
     0 | D:1      | 0 ||| qw: Do second Lair branch before Depths: true
     0 | D:1      | 0 ||| qw: Lair rune preference: random
     0 | D:1      | 0 ||| qw: Goals: Normal
     0 | D:1      | 0 ||| PLANNING D:1-11
     1 | D:1      | Found a runed translucent door.
    74 | D:1      | You fall into a shaft and drop 1 floor!
    81 | D:2      | Reached XP level 2. HP: 16/16 MP: 3/3
    87 | D:2      | Reached skill level 3 in Ranged Weapons
   193 | D:2      | 193 ||| UPGRADING to +0 leather armour.
   203 | D:2      | 203 ||| DROPPING +0 robe.
   204 | D:2      | 204 ||| READING scroll labelled ZENAITS GECILL.
   205 | D:2      | 205 ||| READING scroll labelled SAMIAG GUYSTRICKED.
   206 | D:2      | 206 ||| DROPPING scroll of poison.
   376 | D:1      | Reached XP level 3. HP: 21/21 MP: 4/4
   789 | D:1      | 789 ||| UPGRADING to +0 cloak.
   794 | D:1      | 794 ||| UPGRADING to +0 ring mail.
   804 | D:1      | 804 ||| DROPPING +0 leather armour.
   805 | D:1      | 805 ||| READING scroll labelled FEOTIW UGROIXI.
   806 | D:1      | 806 ||| READING 2 scrolls labelled ITIASCH LUHA.
   807 | D:1      | 807 ||| READING scroll labelled SECRAM PIGGU.
   808 | D:1      | 808 ||| DROPPING scroll of fear.
   889 | D:2      | Reached skill level 1 in Armour
  1297 | D:2      | Reached XP level 4. HP: 26/26 MP: 5/5
  1380 | D:2      | 1380 ||| UPGRADING to +0 helmet.
  1487 | D:3      | Found a sacrificial altar of Ru.
  1489 | D:3      | 1489 ||| Stepping ~*~*~tactically~*~*~ (outnumbered).
  1497 | D:3      | Reached skill level 4 in Ranged Weapons
  1566 | D:3      | HP: 6/26 [kobold/+1 short sword of protection (5)]
  1570 | D:3      | HP: 2/26 [hobgoblin/+0 trident (3)]
  1572 | D:3      | Slain by a hobgoblin

Levels and vault maps discovered:
D:1:      dpeg_arrival_caged_fury, layout_basic, st_stairs_5,
          minmay_misc_feat_rugged
D:2:      layout_loops_cross
D:3:      kennysheep_six_static_rooms, layout_loops_ring,
          nicolae_ru_great_annihilating_truth

Skill      XL: |  1  2  3  4 |
---------------+-------------+-----
Ranged Weapons | 3 4 |  4.3
Fighting       | 2 |  2.0
Armour         | 1 |  1.2
Dodging        | |  1.5
Spellcasting   | |  1.0
Hexes          | |  2.6

Action                     |  1- 3 |  4- 6 || total
---------------------------+-------+-------++-------
   Fire: Sling             |   116 |    33 ||   149
    Use: Scroll            |     5 |       ||     5
 Armour: Leather armour    |     8 |       ||     8
         Robe              |     4 |       ||     4
         Ring mail         |    10 |    32 ||    42
  Dodge: Dodged            |    25 |    24 ||    49

Table legend:
 A = Non-vault XP
 B = Vault XP
 C = Vault XP percentage of total XP
 D = Non-vault monster count
 E = Vault monster count
 F = Vault count percentage of total count
                 A         B        C        D         E       F
            +---------+---------+-------+---------+---------+-------
      Total |      88 |      59 |  40.1 |      35 |       8 |  18.6
            +---------+---------+-------+---------+---------+-------
        D:1 |      20 |       4 |  16.7 |      12 |       2 |  14.3
        D:2 |      59 |       0 |   0.0 |      18 |       0 |   0.0
        D:3 |       9 |      55 |  85.9 |       5 |       6 |  54.5
            +---------+---------+-------+---------+---------+-------
